[Event "*** Titled Tuesday 3|2 Blitz (Early)"]
[Site "Chess.com"]
[Date "2016.11.01"]
[Round "7"]
[White "IMJonathanCarlstedt"]
[Black "Dlugy"]
[Result "0-1"]
[WhiteElo "2447"]
[BlackElo "2589"]
[TimeControl "180+2"]
[EndTime "12:29:08 PDT"]
[Termination "Dlugy won by resignation"]

1. c4 c5 2. g3 Nf6 3. Bg2 g6 4. Nc3 Bg7 5. e4 O-O 6. Nge2 Nc6 7. d3 d6 8. a3 Ne8 9. Rb1 Nc7 10. b4 Ne6 11.
Be3 Ncd4 12. O-O Rb8 13. bxc5 dxc5 14. f4 b6 15. e5 Bb7 16. Nd5 Nxe2+ 17. Qxe2 Nc7 18.
Nc3 Bxg2 19. Kxg2 Qd7 20. Rfd1 f6 21. d4 cxd4 22. Bxd4 Qc6+ 23. Qe4 Qxc4 24. Rbc1 Rbd8 25. exf6 exf6 26. Bf2 Qxe4+ 27. Nxe4 Rxd1 28. Rxd1 f5 29. Rd7 fxe4 30. Rxc7 Rf7 31. Rc8+ Bf8 32. Bd4 Rd7 33. Bc3 Kf7 34. Kf2 Bxa3 35. Rh8 Bc5+ 36. Ke2 Ke6 37. g4 Rf7 38. Bd2 a5 39. h4 Kd5 40. Rd8+ Kc4 41.
Ra8 e3 42. Be1 Rxf4 43. g5 Rf7 44. Re8 a4 45. Re4+ Kb3 0-1

[Event "*** Titled Tuesday 3|2 Blitz (Early)"]
[Site "Chess.com"]
[Date "2016.11.01"]
[Round "7"]
[White "RodinMihail"]
[Black "Danirod"]
[Result "0-1"]
[WhiteElo "2426"]
[BlackElo "2495"]
[TimeControl "180+2"]
[EndTime "12:29:21 PDT"]
[Termination "Danirod won by resignation"]

1. e4 c5 2. Nf3 g6 3. d4 cxd4 4.
Nxd4 Bg7 5. Nc3 Nc6 6. Nde2 Nf6 7. g3 h5 8. h3 d6 9. Bg2 Be6 10. O-O a6 11. Be3 b5 12. Re1 Rc8 13. Nd5 O-O 14.
Nef4 Bxd5 15. exd5 Ne5 16. b3 Qc7 17. Rc1 b4 18. Ne2 Qa5 19. Nd4 Nxd5 20. Bg5 e6 21. Qd2 Qc5 22. Ne2 Rfe8 23. Kf1 Nc3 24. Nxc3 bxc3 25.
Qe2 Qb5 26. a4 Qxe2+ 27. Kxe2 d5 28. Rcd1 Nc6 29. Be3 Nb4 30. Rc1 d4 0-1

[Event "*** Titled Tuesday 3|2 Blitz (Early)"]
[Site "Chess.com"]
[Date "2016.11.01"]
[Round "7"]
[White "NDePinEsPeRG"]
[Black "Zaven_ChessMood"]
[Result "1/2-1/2"]
[WhiteElo "2661"]
[BlackElo "2703"]
[TimeControl "180+2"]
[EndTime "12:29:25 PDT"]
[Termination "Game drawn by repetition"]

1. d4 Nf6 2. c4 c5 3. d5 b5 4. cxb5 a6 5. Nc3 axb5 6. Nxb5 Qa5+ 7.
Nc3 g6 8. Nf3 Bg7 9. Nd2 Ba6 10.
g3 d6 11. Bg2 O-O 12. O-O Nbd7 13. Re1 Rfb8 14. Qc2 Ng4 15. h3 Nge5 16. a4 Nc4 17. Nxc4 Bxc4 18. Ra3 Qb4 19. Kh2 Ne5 20. f4 Bb3 21.
Rxb3 Qxb3 22. Qxb3 Rxb3 23. fxe5 Bxe5 24. Rd1 h5 25. h4 Bxc3 26. bxc3 Rxc3 27. Bd2 Rb3 28. a5 Ra3 29. Bf3 Rb8 30. Kg2 f5 31. Kf2 Kf7 32. Rc1 Rb2 33. Bc3 Rbb3 34. Be1 Rb2 35. Bc3 Rbb3 36. Bd2 Rb2 37. Ke1 Ke8 38. Bc3 Rba2 39. Kf2 Rb3 40. Ke1 Rba3 41. Kf2 Rb3 42. Ke1 Rba3 1/2-1/2

[Event "*** Titled Tuesday 3|2 Blitz (Early)"]
[Site "Chess.com"]
[Date "2016.11.01"]
[Round "7"]
[White "michaelk123"]
[Black "YuriyKrykun"]
[Result "0-1"]
[WhiteElo "2149"]
[BlackElo "2297"]
[TimeControl "180+2"]
[EndTime "12:29:41 PDT"]
[Termination "YuriyKrykun won by resignation"]

1. d4 Nf6 2. Bf4 g6 3. e3 Bg7 4.
Nf3 O-O 5. h3 d6 6. c3 Nfd7 7.
Be2 e5 8. Bh2 Nc6 9. O-O f5 10.
dxe5 dxe5 11. Qd5+ Kh8 12. Rd1 Qe7 13. Qd2 Nf6 14. Qe1 b6 15. c4 Bb7 16. Nc3 e4 17. Nd4 Ne5 18. Rac1 a6 19. b3 c5 20. Nc2 Rad8 21.
Nd5 Nxd5 22. cxd5 b5 23. a4 Bxd5 24. axb5 axb5 25. Bxb5 Bxb3 26. Rxd8 Rxd8 27. Qc3 Nf3+ 28. gxf3 Bxc3 29. Na1 Bxa1 30. Rxa1 exf3 31. Bf4 Rd1+ 32. Rxd1 Bxd1 33. Bc4 Be2 34. Bd5 c4 35. e4 fxe4 36. Be3 Kg7 37. Bd4+ Kh6 38. Be3+ Kh5 39. Bf4 c3 40. Kh2 c2 41. Kg3 Qg5+ 42. Bxg5 Kxg5 43. h4+ Kf6 0-1

[Event "*** Titled Tuesday 3|2 Blitz (Early)"]
[Site "Chess.com"]
[Date "2016.11.01"]
[Round "7"]
[White "PowerThinking2650"]
[Black "GM_dmitrij"]
[Result "0-1"]
[WhiteElo "2186"]
[BlackElo "2417"]
[TimeControl "180+2"]
[EndTime "12:29:49 PDT"]
[Termination "GM_dmitrij won by resignation"]

1. e4 e5 2. Nf3 Nc6 3. d4 exd4 4. Nxd4 Nf6 5. Nxc6 bxc6 6. e5 Qe7 7. Qe2 Nd5 8. c4 Nb6 9. Nc3 Ba6 10. Qe4 f6 11.
exf6 Qxe4+ 12. Nxe4 Bxc4 13. Bxc4 Nxc4 14. b3 Nd6 15.
Nxd6+ cxd6 16. Bb2 gxf6 17. Bxf6 Rg8 18. Bh4 Kf7 19. O-O d5 20. f4 a5 21. Rae1 a4 22.
Rf3 axb3 23. axb3 Ra2 24. Bf2 Bb4 25. Rd1 Re8 26. g4 Ree2 27. f5 Rab2 28. Rdd3 Rxf2 29. Rxf2 Bc5 30. Rf3 Kf6 31. h4 h6 32. g5+ hxg5 33.
hxg5+ Kxg5 34. f6 Bxf2+ 35. Rxf2 Rxf2 0-1

[Event "*** Titled Tuesday 3|2 Blitz (Early)"]
[Site "Chess.com"]
[Date "2016.11.01"]
[Round "7"]
[White "Evgeny_Levin"]
[Black "Fandorine"]
[Result "1-0"]
[WhiteElo "2702"]
[BlackElo "2629"]
[TimeControl "180+2"]
[EndTime "12:30:08 PDT"]
[Termination "Evgeny_Levin won by resignation"]

1. d4 g6 2. c4 Bg7 3. e4 d6 4.
Nc3 Nf6 5. f4 O-O 6. Nf3 e5 7.
fxe5 dxe5 8. d5 a5 9. Bd3 Na6 10.
O-O Ne8 11. Bg5 Qd6 12. Be3 Bd7 13. Bc2 Nc5 14. Kh1 b6 15. Qe2 Nf6 16. Bg1 Nh5 17. Qd2 Nf4 18. Be3 f5 19. Rae1 Rae8 20. exf5 gxf5 21.
Nh4 b5 22. Nxb5 Bxb5 23. cxb5 Ne4 24. Qc1 Qxd5 25. Bb3 1-0

[Event "*** Titled Tuesday 3|2 Blitz (Early)"]
[Site "Chess.com"]
[Date "2016.11.01"]
[Round "7"]
[White "MFBerna"]
[Black "Aygehovit1992"]
[Result "0-1"]
[WhiteElo "2186"]
[BlackElo "2439"]
[TimeControl "180+2"]
[EndTime "12:30:10 PDT"]
[Termination "Aygehovit1992 won by resignation"]

1. e4 d6 2. Nf3 g6 3. d4 Bg7 4.
Nc3 a6 5. Bd3 b5 6. O-O Bb7 7.
Re1 Nd7 8. a4 b4 9. Nb1 Ngf6 10.
Nbd2 O-O 11. e5 dxe5 12. dxe5 Ng4 13. e6 fxe6 14. Ne4 Nde5 15. Nxe5 Nxe5 16. Nc5 Bd5 17.
Be4 Bxe4 18. Nxe4 Qxd1 19. Rxd1 Nc4 20. c3 bxc3 21. bxc3 Rfd8 22. Be3 Rd5 23. Rdb1 Nxe3 24. fxe3 Re5 25. Nf2 Rxe3 26. Re1 Rxc3 27. Rab1 Bd4 28. Re2 Rf8 29. Rf1 e5 30. g3 Rcf3 31. Kg2 Rxf2+ 32. Rfxf2 Rxf2+ 33. Rxf2 Bxf2 34. Kxf2 Kf7 0-1

[Event "*** Titled Tuesday 3|2 Blitz (Early)"]
[Site "Chess.com"]
[Date "2016.11.01"]
[Round "7"]
[White "Mbneu"]
[Black "Peroncio"]
[Result "0-1"]
[WhiteElo "2128"]
[BlackElo "2499"]
[TimeControl "180+2"]
[EndTime "12:30:15 PDT"]
[Termination "Peroncio won by resignation"]

1. d4 Nf6 2. c4 c5 3. d5 b5 4.
a4 b4 5. g3 g6 6. b3 Bg7 7. Bb2 e6 8. dxe6 fxe6 9. Bg2 d5 10.
Nh3 Bb7 11. O-O O-O 12. Nd2 Qd7 13. Nf4 Na6 14. Be5 Rad8 15. Qc2 Rfe8 16. Rad1 d4 17. Ne4 Nxe4 18. Bxg7 Nc3 19. Bxb7 Qxb7 20. Be5 Nxd1 21. Rxd1 Nb8 22. Nxg6 Nd7 23. Bf4 e5 24. Bg5 e4 25.
Bxd8 hxg6 26. Bg5 Ne5 27. Bf4 d3 28. Qd2 dxe2 29. Qxe2 Nf3+ 30. Kf1 Nxh2+ 31. Kg2 Nf3 32. Be3 Qc6 33. Rd5 Re5 34. Rd8+ Kf7 35. Qd1 Rh5 36. g4 Rh2+ 37. Kg3 g5 38. Rd7+ Ke6 39. Rd5 Qc7+ 0-1

[Event "*** Titled Tuesday 3|2 Blitz (Early)"]
[Site "Chess.com"]
[Date "2016.11.01"]
[Round "7"]
[White "Shivagami"]
[Black "Blitzstream"]
[Result "0-1"]
[WhiteElo "2077"]
[BlackElo "2528"]
[TimeControl "180+2"]
[EndTime "12:30:18 PDT"]
[Termination "Blitzstream won by resignation"]

1. e4 d5 2. Nc3 dxe4 3. Nxe4 Qd5 4. Ng3 h5 5. Nf3 h4 6. Ne2 h3 7. d4 Bg4 8. Nf4 Qe4+ 9. Be3 Nc6 10. Nxh3 Rxh3 11.
Bd3 Qd5 12. c4 Qh5 13. gxh3 Bxf3 14. Be2 Bxe2 15. Qxe2 Qxe2+ 16. Kxe2 O-O-O 17. Rhd1 g6 18. d5 Ne5 19. b3 Nf6 20. Bxa7 b6 21. c5 Kb7 22.
cxb6 cxb6 23. Bxb6 Kxb6 24. a4 Nxd5 25. Ke1 Nf3+ 26.
Kf1 e6 27. a5+ Ka6 28. Rd3 Ne5 29. Rd4 Bc5 30. Rd2 Rb8 31. Rb1 Bb4 32. Ra2 Nc3 33.
Rc2 Nxb1 0-1

[Event "*** Titled Tuesday 3|2 Blitz (Early)"]
[Site "Chess.com"]
[Date "2016.11.01"]
[Round "7"]
[White "Jungle_Jaguar"]
[Black "HovmoellerHest"]
[Result "1-0"]
[WhiteElo "2328"]
[BlackElo "2268"]
[TimeControl "180+2"]
[EndTime "12:31:04 PDT"]
[Termination "Jungle_Jaguar won by checkmate"]

1. c4 c5 2. Nc3 Nc6 3. g3 g6 4. Bg2 Bg7 5. d3 d6 6. e4 e5 7. Nge2 Nge7 8. O-O O-O 9. Be3 Rb8 10. Rb1 a6 11. Qd2 b5 12. b3 Nd4 13. Nd5 Nxd5 14. cxd5 f5 15. Nxd4 cxd4 16. Bg5 Bf6 17. Bh6 Rf7 18.
f4 fxe4 19. Bxe4 Bh3 20. Rf2 Qd7 21. Rc1 Rc8 22. Rc6 Rxc6 23. dxc6 Qc8 24. fxe5 dxe5 25. a4 bxa4 26. bxa4 Be6 27. Qb2 Bf5 28. Bd5 Be6 29. Qb3 Bxd5 30. Qxd5 Qd8 31. Qc4 Qe7 32. c7 Qxc7 33.
Qxc7 Rxc7 34. Rxf6 Rc3 35. Rf8# 1-0

[Event "*** Titled Tuesday 3|2 Blitz (Early)"]
[Site "Chess.com"]
[Date "2016.11.01"]
[Round "7"]
[White "Divertissement"]
[Black "Wolverine_master"]
[Result "1-0"]
[WhiteElo "2342"]
[BlackElo "2071"]
[TimeControl "180+2"]
[EndTime "12:31:05 PDT"]
[Termination "Divertissement won on time"]

1. Nf3 Nf6 2. c4 e6 3. g3 Be7 4. Bg2 d5 5. d4 O-O 6. O-O dxc4 7. Qc2 a6 8. a4 Nc6 9. Qxc4 Qd5 10. Qd3 Nb4 11. Qd1 Qh5 12. Bf4 Nbd5 13. Bd2 c5 14. dxc5 Bxc5 15. Nc3 Bd7 16. Qb3 Bc6 17. Rac1 Ba7 18.
Na2 Rac8 19. Nb4 Nxb4 20. Bxb4 Rfe8 21. h3 h6 22. Rfd1 Ne4 23. Nd4 Red8 24. e3 Bd5 25.
Qa3 Qg6 26. Be1 Rxc1 27. Rxc1 Qf6 28. Qb4 1-0

[Event "*** Titled Tuesday 3|2 Blitz (Early)"]
[Site "Chess.com"]
[Date "2016.11.01"]
[Round "7"]
[White "platy3"]
[Black "fastestmindalive"]
[Result "1-0"]
[WhiteElo "2691"]
[BlackElo "2510"]
[TimeControl "180+2"]
[EndTime "12:31:09 PDT"]
[Termination "platy3 won by resignation"]

1. e4 c5 2. Nf3 g6 3. d4 cxd4 4.
Nxd4 Nc6 5. c4 Nf6 6. Nc3 d6 7.
f3 Nxd4 8. Qxd4 Bg7 9. Be3 O-O 10. Qd2 a5 11. Rd1 a4 12. Be2 Qa5 13. O-O Be6 14.
Bd4 Rfc8 15. b3 axb3 16. axb3 Qb4 17. Nd5 Qxd2 18. Rxd2 Bxd5 19. exd5 Nd7 20. Bf2 Ra3 21. Rb1 Rca8 22. g3 Ra1 23. Rdd1 R1a2 24. Bf1 Nc5 25. b4 Na4 26. Rd3 Nc3 27. Re1 Kf8 28. c5 Rc8 29. Bh3 f5 30. Kf1 Nb5 31. g4 fxg4 32. Bxg4 Rc7 33.
Bg3 Rb2 34. Re4 h5 35. Be6 Bf6 36. Rc4 Ke8 37. c6 bxc6 38. dxc6 Kd8 39. Rd5 Nc3 40. Ra5 Ra2 41. Rxa2 Nxa2 42. b5 Ra7 43. b6 1-0

[Event "*** Titled Tuesday 3|2 Blitz (Early)"]
[Site "Chess.com"]
[Date "2016.11.01"]
[Round "7"]
[White "josiwales"]
[Black "saraswathii"]
[Result "0-1"]
[WhiteElo "2195"]
[BlackElo "2187"]
[TimeControl "180+2"]
[EndTime "12:31:11 PDT"]
[Termination "saraswathii won by resignation"]

1. e3 Nc6 2. d3 d5 3. Ne2 Nf6 4.
g3 g6 5. Bg2 Bg7 6. O-O e5 7. a3 a5 8. c4 Be6 9. cxd5 Bxd5 10.
Nbc3 Bxg2 11. Kxg2 Qd7 12. Qb3 O-O 13. Rd1 h5 14. e4 h4 15. f3 h3+ 16. Kf2 a4 17.
Qc2 Nh7 18. Be3 f5 19. Nd5 f4 20. Bc5 fxg3+ 21. hxg3 Rf7 22. Rh1 Ng5 23. Ng1 Ra5 24. Be3 Nxf3 25. Nxf3 Qg4 26. Qe2 Ra8 27. Bc5 Nd4 28.
Bxd4 Raf8 29. Ke1 exd4 30. Rc1 Rxf3 31. Rxc7 Qxg3+ 32. Kd1 Rf2 33. Ne7+ Kh7 34. Qe1 Qxd3+ 35. Kc1 Bh6+ 0-1

[Event "*** Titled Tuesday 3|2 Blitz (Early)"]
[Site "Chess.com"]
[Date "2016.11.01"]
[Round "7"]
[White "AkshatChandra"]
[Black "Tash_Boy"]
[Result "1-0"]
[WhiteElo "2597"]
[BlackElo "2476"]
[TimeControl "180+2"]
[EndTime "12:31:17 PDT"]
[Termination "AkshatChandra won by resignation"]

1. e4 c5 2. Nf3 d6 3. d4 cxd4 4. Nxd4 Nf6 5. Nc3 e6 6. g4 e5 7. Nf5 h5 8. g5 Nxe4 9. Nxg7+ Bxg7 10. Nxe4 d5 11. Ng3 Bg4 12. Be2 Qd7 13. h4 Nc6 14. Nxh5 Bxh5 15. Bxh5 Rxh5 16. Qxh5 Nd4 17. Qh7 Qb5 18. Qd3 Qc6 19. c3 e4 20. Qd1 Nf3+ 21. Kf1 O-O-O 22. Be3 Kb8 23. Qe2 Be5 24. Rd1 Rg8 25. Rh3 Qe6 26. Rxf3 exf3 27. Qxf3 Rd8 28. Bf4 Ka8 29. Bxe5 Qxe5 30. Re1 Qh2 31. h5 a6 32.
Re7 Qh4 33. Qxf7 Qxg5 34. Rxb7 Qc1+ 35. Kg2 Qg5+ 36. Kh3 1-0

[Event "*** Titled Tuesday 3|2 Blitz (Early)"]
[Site "Chess.com"]
[Date "2016.11.01"]
[Round "7"]
[White "Cayse"]
[Black "Holden-Caulfield"]
[Result "1-0"]
[WhiteElo "2582"]
[BlackElo "2469"]
[TimeControl "180+2"]
[EndTime "12:31:31 PDT"]
[Termination "Cayse won by resignation"]

1. d4 d6 2. c4 Nf6 3. Nc3 Nbd7 4.
Nf3 c6 5. e4 e5 6. g3 Be7 7. Bg2 O-O 8. O-O Qc7 9. b3 a6 10.
a4 a5 11. Re1 exd4 12. Nxd4 Nc5 13. Qc2 Re8 14. Bf4 Nfd7 15. Rad1 Ne5 16. h3 Bd7 17. g4 Rad8 18. Bg3 Bc8 19. Nf5 Bf8 20. Rd2 g6 21. Nd4 Bh6 22. Rdd1 Bg7 23. Kh1 Qb6 24. Nce2 h6 25. f4 Ned7 26. Rd2 Nf6 27. Nc3 h5 28. g5 Nfd7 29. h4 Nf8 30. Bf2 Bg4 31. Rb1 Qc7 32. Nde2 Nfe6 33. f5 Bxe2 34. Nxe2 Nf8 35.
f6 Bh8 36. Rbd1 Nfe6 37. Nd4 Nf4 38. Bf3 Qc8 39. Bg3 Qh3+ 40. Bh2 Qxh4 41. Rg1 Nh3 42. Rg3 Nxg5 43. Nf5 gxf5 44. Rxg5+ Qxg5 45. Rg2 Bxf6 46.
Bf4 Qxg2+ 47. Qxg2+ Kf8 48. exf5 Re1+ 49. Kh2 Be5 50. Qg5 Bxf4+ 51. Qxf4 Ke7 52. Qh4+ 1-0

[Event "*** Titled Tuesday 3|2 Blitz (Early)"]
[Site "Chess.com"]
[Date "2016.11.01"]
[Round "7"]
[White "Matibar"]
[Black "Ginger_GM"]
[Result "1-0"]
[WhiteElo "2598"]
[BlackElo "2433"]
[TimeControl "180+2"]
[EndTime "12:31:32 PDT"]
[Termination "Matibar won by resignation"]

1. e4 c5 2. Ne2 d6 3. g3 h5 4. d4 cxd4 5. Nxd4 h4 6. Nc3 Nc6 7. Be3 hxg3 8. fxg3 Nf6 9. Bg2 Ng4 10.
Bg1 g6 11. Qe2 Bh6 12. Rd1 Nge5 13. h3 Bd7 14. Nb3 Be6 15. Nd5 Rc8 16. c3 Kf8 17.
Nd4 Bxd5 18. exd5 Na5 19. Bf2 Kg8 20. O-O Bg7 21. g4 a6 22. Bg3 Qb6 23. Rf2 Nac4 24.
g5 Rh5 25. h4 Qc5 26. Bh3 Rf8 27. Qe4 Nb6 28. Bg2 a5 29. Nb3 Qb5 30. Bf1 Qd7 31.
Nxa5 Ra8 32. b4 Rc8 33. c4 Na8 34. Be2 Rh7 35. c5 Rf8 36. c6 bxc6 37. Nxc6 Nxc6 38. dxc6 Qc7 39. b5 Nb6 40. Rdf1 Qa7 41. Bd1 d5 42. Qe3 e5 43. Qc5 d4 44. Bb3 Qc7 45. Rxf7 Rxf7 46.
Rxf7 1-0

[Event "*** Titled Tuesday 3|2 Blitz (Early)"]
[Site "Chess.com"]
[Date "2016.11.01"]
[Round "7"]
[White "Iwannabetheguy"]
[Black "metalbattler"]
[Result "0-1"]
[WhiteElo "2023"]
[BlackElo "2032"]
[TimeControl "180+2"]
[EndTime "12:31:36 PDT"]
[Termination "metalbattler won by resignation"]

1. e4 e5 2. Nf3 Nc6 3. Bc4 Bc5 4.
b4 Bxb4 5. c3 Be7 6. d4 d6 7.
dxe5 dxe5 8. Qb3 Na5 9. Bxf7+ Kf8 10. Qd5 c6 11. Qxd8+ Bxd8 12. Bb3 Bc7 13. Ba3+ Ne7 14.
Nbd2 Ke8 15. Nc4 Nxc4 16. Bxc4 Bg4 17. Ng5 h6 18. Ne6 Bxe6 19. Bxe6 Ng6 20. O-O-O Rd8 21. Rxd8+ Bxd8 22. Rd1 Be7 23. Bxe7 Kxe7 24. Bf5 Nh4 25.
Rd7+ Kf6 26. Rxb7 Nxg2 27. Rxa7 Rd8 28. Rd7 Ra8 29. Kb2 Ra6 30. Rd6+ Ke7 31. Re6+ Kf7 32. Rxe5 Nf4 33. Kb3 Nd3 34. Be6+ Kf6 35. Rf5+ Kxe6 36. f4 Nc1+ 37. Kc4 Rxa2 38. Rc5 Ra6 39. f5+ Kf6 40.
e5+ Kxf5 41. Kd4 Nb3+ 0-1

[Event "*** Titled Tuesday 3|2 Blitz (Early)"]
[Site "Chess.com"]
[Date "2016.11.01"]
[Round "7"]
[White "darsen_sanzhaev"]
[Black "superjem123"]
[Result "0-1"]
[WhiteElo "2299"]
[BlackElo "2464"]
[TimeControl "180+2"]
[EndTime "12:31:41 PDT"]
[Termination "superjem123 won by resignation"]

1. d4 Nf6 2. c4 g6 3. Nc3 d5 4. cxd5 Nxd5 5. e4 Nxc3 6. bxc3 Bg7 7. Bc4 c5 8. Ne2 O-O 9. O-O Nc6 10. Be3 Bd7 11. Rb1 Qc7 12. Bd3 Rfd8 13. h3 Be8 14. d5 Ne5 15. c4 Nxd3 16. Qxd3 b6 17. f4 e6 18. e5 exd5 19. cxd5 Bc6 20. Nc3 Bd7 21. d6 Qb7 22. Qd2 Bc6 23. Bxc5 Rac8 24.
Bd4 Bd7 25. Rbc1 Rc4 26. Be3 Rdc8 27. Nd5 Rxc1 28. Ne7+ Kf8 29. Rxc1 Rxc1+ 30. Qxc1 f6 31. Bd4 Qe4 32. Qc3 Qxf4 33. exf6 Bh6 34. Qc4 Qc1+ 35.
Qxc1 Bxc1 36. Nd5 Kf7 37. Nc7 Ba3 38. Be5 b5 39. Kf2 Bc5+ 40. Ke2 b4 41. Kd3 a5 42.
Kc4 Bf2 43. Bd4 Bg3 44. Kc5 a4 45. Nd5 b3 46. axb3 axb3 47. Nc7 Bf2 48. Kc4 Bxd4 0-1

[Event "*** Titled Tuesday 3|2 Blitz (Early)"]
[Site "Chess.com"]
[Date "2016.11.01"]
[Round "7"]
[White "chito89"]
[Black "KyronGriffith"]
[Result "1-0"]
[WhiteElo "2492"]
[BlackElo "2325"]
[TimeControl "180+2"]
[EndTime "12:31:44 PDT"]
[Termination "chito89 won on time"]

1. d4 Nf6 2. c4 c5 3. d5 e6 4. Nc3 exd5 5. cxd5 d6 6. e4 g6 7. f4 Bg7 8. Bb5+ Nfd7 9. Nf3 O-O 10.
O-O Na6 11. Re1 Nb4 12. a3 Na6 13. h3 Nc7 14. Bf1 Rb8 15. e5 Nb6 16. Be3 Re8 17.
Nb5 Nxb5 18. Bxb5 Bd7 19. Bf1 Bf5 20. Rc1 dxe5 21. Rxc5 exf4 22. Bxf4 Rc8 23. Rxe8+ Qxe8 24. b4 Rd8 25. d6 Be4 26. Bb5 Bxf3 27. gxf3 Qe6 28.
Kg2 Qa2+ 29. Rc2 Qxa3 30. Bg5 f6 31. Bf4 Qxb4 32. Bc4+ Nxc4 33. Qd5+ Kf8 34. Rxc4 Qb2+ 35. Kg3 g5 36. Rc7 gxf4+ 37. Kh4 Qf2+ 38. Kh5 1-0

[Event "*** Titled Tuesday 3|2 Blitz (Early)"]
[Site "Chess.com"]
[Date "2016.11.01"]
[Round "7"]
[White "SavelijTartakover"]
[Black "NTBT_DHS"]
[Result "0-1"]
[WhiteElo "2474"]
[BlackElo "2503"]
[TimeControl "180+2"]
[EndTime "12:31:57 PDT"]
[Termination "NTBT_DHS won by checkmate"]

1. d4 Nf6 2. c4 g6 3. Nc3 Bg7 4.
e4 d6 5. Be2 O-O 6. Bg5 c5 7.
d5 a6 8. a4 Nbd7 9. Qd2 Qa5 10. Nf3 Nb6 11. O-O Qb4 12. Qc2 Nxc4 13. Na2 Qxb2 14.
Qxc4 b5 15. Qc1 Qxe2 16. Re1 Qc4 17. Qxc4 bxc4 18. Rac1 Rb8 19. Rxc4 Rb2 20. Nc3 Nd7 21.
Nd1 Rb7 22. Bxe7 Nb6 23. Bxf8 Nxc4 24. Bxg7 Kxg7 25. Nc3 Rb3 26. Rc1 Bg4 27. Ne1 Bd7 28. Nf3 Nb2 29. e5 Nd3 30. Rc2 dxe5 31. h3 f5 32. Nd2 Ra3 33. Nc4 Ra1+ 34. Kh2 Kf6 35. Nb6 Ke7 36. Rd2 e4 37. f3 Ra3 38. d6+ Ke6 39. Ncd5 Bc6 40. fxe4 fxe4 41. Nc7+ Kxd6 42. Nc4+ Kxc7 43. Nxa3 Bxa4 44. Kg3 Kd6 45. Kh4 h6 46. Nc4+ Ke6 47. g4 Bb5 48. Ne3 Ke5 49. g5 h5 50.
Ra2 Kf4 51. Nd5+ Kf3 52. Ne7 Ne5 53. Ra3+ e3 54. Nd5 Bd3 55. Nc3 Kg2 56. Ra2+ e2 57. Nxe2 Nf3# 0-1

[Event "*** Titled Tuesday 3|2 Blitz (Early)"]
[Site "Chess.com"]
[Date "2016.11.01"]
[Round "7"]
[White "FlySooHigh"]
[Black "Chopper1905"]
[Result "0-1"]
[WhiteElo "2426"]
[BlackElo "2561"]
[TimeControl "180+2"]
[EndTime "12:32:00 PDT"]
[Termination "Chopper1905 won on time"]

1. e4 c5 2. Nf3 d6 3. Nc3 a6 4. d4 cxd4 5. Nxd4 Nf6 6. Be2 e6 7.
O-O Be7 8. Be3 Nbd7 9. f4 O-O 10. Bf3 Qc7 11. Kh1 Rb8 12. a4 b6 13. g4 Bb7 14.
g5 Ne8 15. Bg2 g6 16. Qg4 e5 17. Ne6 fxe6 18. Qxe6+ Rf7 19. f5 Ng7 20. Qb3 gxf5 21. exf5 Nc5 22. Qa2 Bxg2+ 23. Kxg2 Qc6+ 24. Kg1 d5 25. Nxd5 Bd8 26. Rad1 Kh8 27. Nb4 Qb7 28. Nc6 Rxf5 29. Nxd8 Qe4 30. Nf7+ Rxf7 31. Qxf7 Qxe3+ 32. Kh1 Qe4+ 33. Kg1 Qg4+ 34. Kh1 Qc8 35. Rd6 Nce6 36. g6 hxg6 37. Qxg6 Qg8 38. Rf6 Nf4 39. Qh6+ Qh7 40.
Qxh7+ Kxh7 41. Rh6+ Kg8 42. Rxb6 Re8 43. Rxa6 e4 44.
Kg1 e3 45. Rhf6 e2 0-1

[Event "*** Titled Tuesday 3|2 Blitz (Early)"]
[Site "Chess.com"]
[Date "2016.11.01"]
[Round "7"]
[White "FairChess_on_YouTube"]
[Black "swayamsm"]
[Result "1-0"]
[WhiteElo "2743"]
[BlackElo "2643"]
[TimeControl "180+2"]
[EndTime "12:32:17 PDT"]
[Termination "FairChess_on_YouTube won on time"]

1. d4 Nf6 2. Nf3 e6 3. Bg5 b6 4. e4 h6 5. Bxf6 Qxf6 6. Bd3 Bb7 7. O-O Qd8 8. Nbd2 d6 9. c3 Nd7 10. Qe2 g6 11. Ba6 Qc8 12. Bxb7 Qxb7 13. e5 Bg7 14.
exd6 cxd6 15. Ne4 Qc7 16. Qc4 Kd8 17. Qa6 Ke7 18. a4 Rhc8 19. a5 Kf8 20. axb6 Nxb6 21.
Ra2 e5 22. dxe5 dxe5 23. b4 Kg8 24. Nc5 Rd8 25. h4 Nd5 26. Qc4 Nf4 27. g3 Nd5 28.
Ra6 e4 29. Qxe4 Nxc3 30. Qc4 Nd5 31. h5 gxh5 32. Nh4 Rab8 33. Rb1 Rb6 34. Nf5 Bf8 35. Rc1 Rxb4 36. Qe2 Rb6 37. Nd3 Nc3 38. Rxc3 Qxc3 39. Nf4 Rxa6 40. Qxa6 Qe5 41. Nxh6+ Kg7 42. Qxa7 Rd1+ 43.
Kh2 1-0

[Event "*** Titled Tuesday 3|2 Blitz (Early)"]
[Site "Chess.com"]
[Date "2016.11.01"]
[Round "7"]
[White "viditchess"]
[Black "Genghis_K"]
[Result "0-1"]
[WhiteElo "2556"]
[BlackElo "2666"]
[TimeControl "180+2"]
[EndTime "12:32:25 PDT"]
[Termination "Genghis_K won by resignation"]

1. d4 Nf6 2. c4 g6 3. g3 Bg7 4.
Bg2 O-O 5. Nc3 d6 6. Nf3 Nc6 7. O-O a6 8. d5 Na5 9. b3 c5 10. dxc6 Nxc6 11. Bd2 Bf5 12. Nh4 Bd7 13. Rc1 Rc8 14. Be3 Ng4 15. Bd2 Nf6 16. h3 Na5 17. Nd5 Nc6 18. Bc3 Nxd5 19. Qxd5 Nd4 20. Qe4 e5 21.
Qd3 b5 22. e3 Nf5 23. Nf3 Be6 24. Nd2 Qb6 25. cxb5 axb5 26. Bb4 Rfd8 27. Bd5 Rxc1 28. Rxc1 Bxd5 29. Qxd5 Ne7 30. Qf3 f5 31. g4 e4 32.
Qe2 Kh8 33. gxf5 gxf5 34. Kh1 Nd5 35. a3 Nxb4 36. axb4 d5 37. Qh5 Qf6 38. Nf1 d4 39.
exd4 f4 40. d5 Rg8 41. Nd2 Qd4 42. Qe2 e3 43. fxe3 fxe3 44. Nf3 Qf4 45. Rg1 Rf8 46.
Ng5 h6 47. Ne6 Qe4+ 48. Qg2 Qxg2+ 49. Kxg2 Rf2+ 50. Kg3 Be5+ 51. Kg4 e2 52. Nc5 Rf1 0-1

[Event "*** Titled Tuesday 3|2 Blitz (Early)"]
[Site "Chess.com"]
[Date "2016.11.01"]
[Round "7"]
[White "BillieKimbah"]
[Black "GeorgMeier"]
[Result "1-0"]
[WhiteElo "2620"]
[BlackElo "2696"]
[TimeControl "180+2"]
[EndTime "12:32:34 PDT"]
[Termination "BillieKimbah won by resignation"]

1. d4 e6 2. Nf3 Nf6 3. Bf4 Be7 4. e3 Nh5 5. Bg3 d6 6. Bd3 b6 7. Nbd2 Bb7 8. Qe2 a6 9. Be4 c6 10. Bd3 Nd7 11. c3 g6 12. O-O O-O 13. Bf4 Nxf4 14. exf4 Re8 15. Rfe1 Kg7 16. g3 h6 17. h4 Nf6 18.
Ne4 c5 19. Rad1 Qc7 20. Nxf6 Bxf6 21. Be4 cxd4 22. Bxb7 Qxb7 23. Nxd4 Rac8 24. h5 e5 25. fxe5 Rxe5 26. Qf3 Rxe1+ 27. Rxe1 Qxf3 28. Nxf3 gxh5 29. Rd1 Be7 30. Kg2 Kg6 31. Re1 Bf6 32. Rd1 Be7 33. Re1 Bg5 34. Rd1 Rd8 35. Rd5 b5 36. Nd4 Bc1 37. Nc6 Re8 38. Rxd6+ Kg7 39. b3 Bb2 40. Nd4 Re5 41. Nf3 Rc5 42. Rxa6 Bxc3 43. a4 bxa4 44.
bxa4 Bf6 45. Rb6 Rc2 46. a5 Ra2 47. a6 Bd8 48. Rc6 Bf6 49. Kf1 Be7 50. Nd4 Bf8 51.
Nb5 Ra5 52. a7 1-0

[Event "*** Titled Tuesday 3|2 Blitz (Early)"]
[Site "Chess.com"]
[Date "2016.11.01"]
[Round "7"]
[White "Alexander_Moskalenko"]
[Black "Taabling"]
[Result "0-1"]
[WhiteElo "2669"]
[BlackElo "2289"]
[TimeControl "180+2"]
[EndTime "12:32:38 PDT"]
[Termination "Taabling won by checkmate"]

1. e4 c5 2. Nf3 d6 3. Bb5+ Nd7 4.
d4 cxd4 5. Qxd4 a6 6. Bxd7+ Bxd7 7. c4 e5 8. Qd3 h6 9. Nc3 Nf6 10. b3 Be7 11. a4 O-O 12. Ba3 b5 13. O-O bxc4 14.
bxc4 Qc7 15. Nxe5 Be6 16. Nd5 Bxd5 17. exd5 dxe5 18. d6 Qd7 19. c5 Bd8 20. Rfc1 Qc6 21. Re1 Nd7 22. Qf3 Rc8 23. Qf5 g6 24. Qh3 Kg7 25.
Rac1 Bf6 26. Qb3 Rb8 27. Qc4 Rfc8 28. g3 h5 29. h4 Re8 30. Re3 e4 31. Rd1 Re5 32. Kg2 Rc8 33. Rc1 Re6 34. Qb3 Bd4 35. Bb2 Bxb2 36. Qxb2+ Kg8 37. Qd4 Re5 38. Kh2 a5 39. Rec3 Re6 40. Qc4 e3 41. Rxe3 Rxe3 42. fxe3 Ne5 43. Qb5 Qf3 44. Qf1 Ng4+ 45. Kh3 Nf2+ 46.
Kh2 Qxe3 47. c6 Ng4+ 48. Kh3 Qe6 49. d7 Ne3+ 50. Kh2 Nxf1+ 51. Rxf1 Qe2+ 52. Kg1 Qe3+ 53. Rf2 Rb8 54. c7 Rb1+ 55. Kg2 Qe4+ 56. Rf3 Rb2+ 57. Kg1 Qe1+ 58. Rf1 Qxg3+ 59. Kh1 Qh2# 0-1